 Dungeon Sprint DCSS version 0.27-a0-1232-gc6a4cbde82 (webtiles) character file.

Game seed: 4647578790985746654

406 rocky1 the Blocker (level 7, -1/60 HPs)
             Began as a Formicid Fighter on June 9, 2021.
             Was an Initiate of Cheibriados.
             Slain by a deep elf pyromancer
             ... wielding a +0 long sword of holy wrath
              (6 damage)
             ... in the Dungeon (Sprint III: "The Ten Rune Challenge").
             The game lasted 00:02:11 (1019 turns).

rocky1 the Blocker (Formicid Fighter)               Turns: 1019, Time: 00:02:12

Health: -1/60      AC:  7    Str: 24    XL:     7   Next: 12%
Magic:  5/7        EV: 12    Int:  8    God:    Cheibriados [......]
Gold:   47         SH: 12    Dex: 11    Spells: 6/6 levels left

rFire    . . .     SeeInvis +   a - +0 long sword
rCold    . . .     Faith    .   c - +0 kite shield
rNeg     . . .     Spirit   .   b - +0 scale mail
rPois    .         Reflect  .   (helmet unavailable)
rElec    .         Harm     .   (no cloak)
rCorr    .         Rampage  .   (no gloves)
Will     .....                  (no boots)
Stlth    ..........             (no amulet)
HPRegen  0.20/turn              (no ring)
MPRegen  0.10/turn              (no ring)

@: on fire, glowing, very slow
A: permanent stasis, dig shafts and tunnels, antennae 3, four strong arms
a: Dig, Renounce Religion, Bend Time


You were in the Dungeon.
You worshipped Cheibriados.
Cheibriados was noncommittal.
You visited 1 branch You collected 47 gold pieces.

Inventory:

Hand Weapons
 a - a +0 long sword (weapon)
Armour
 b - a +0 scale mail (worn)
 c - a +0 kite shield (worn)
Scrolls
 i - a scroll of torment {unknown}
 j - a scroll of identify {unknown}
 m - a scroll of immolation {unknown}
 n - 3 scrolls of holy word {unknown}
Potions
 e - a potion of curing
 f - 2 potions of mutation {unknown}
 g - 2 potions of magic
 h - a potion of lignification {unknown}
 k - 2 potions of invisibility {unknown}
 l - 4 potions of flight
 o - a potion of brilliance {unknown}
Miscellaneous
 d - a phantom mirror


   Skills:
 + Level 7.1 Fighting
 + Level 7.4 Long Blades
 + Level 7.1 Armour
 + Level 5.1 Dodging
 - Level 9.3 Shields
 + Level 0.0 Invocations


You had 6 spell levels left.
You didn't know any spells.
Your spell library was empty.

Dungeon Overview and Level Annotations

Branches:
Dungeon (1/1)

Altars:
Cheibriados
Elyvilon
Fedhas
Gozag
Hepliaklqana
Makhleb
Nemelex Xobeh
Qazlal
Xom
Zin
The Shining One
Jiyva
Lugonu


Innate Abilities, Weirdness & Mutations

You cannot be hasted, slowed, berserked, paralysed or teleported.
You can dig through walls and to a lower floor.
You have a pair of large antennae on your head. (SInv)
Your four strong arms can wield two-handed weapons with a shield.


Message History

The bolt of fire hits you!!
Ouch! That really hurt!
You closely miss the deep elf pyromancer.
The deep elf pyromancer hits you with a +0 long sword of holy wrath.
You barely miss the deep elf pyromancer.
You block the deep elf pyromancer's attack.
You hit the deep elf pyromancer but do no damage.
The deep elf pyromancer closely misses you.
You riposte.
You hit the deep elf pyromancer.
The deep elf pyromancer is lightly wounded.
You hit the deep elf pyromancer.
The deep elf pyromancer is lightly wounded.
You block the deep elf pyromancer's attack.
You slash the deep elf pyromancer!
The deep elf pyromancer is moderately wounded.
The deep elf pyromancer hits you with a +0 long sword of holy wrath.
You hit the deep elf pyromancer.
The deep elf pyromancer is moderately wounded.
You block the deep elf pyromancer's attack.
You barely miss the deep elf pyromancer.
The deep elf pyromancer is moderately wounded.
You block the deep elf pyromancer's attack.
You slash the deep elf pyromancer!
The deep elf pyromancer is severely wounded.
The deep elf pyromancer gestures wildly while chanting.
You hit the deep elf pyromancer.
The deep elf pyromancer is severely wounded.
The deep elf pyromancer gestures wildly while chanting.
You miss the deep elf pyromancer.
The deep elf pyromancer is severely wounded.
The deep elf pyromancer gestures at you while chanting.
The sticky flame hits you.
You are covered in liquid flames!
* * * LOW HITPOINT WARNING * * *
The fire elemental hits you.
* * * LOW HITPOINT WARNING * * *
The fire elemental burns you!
* * * LOW HITPOINT WARNING * * *
The deep elf pyromancer hits you with a +0 long sword of holy wrath.
You die...

▓▓ ▓▓▓ .#### ##.#####
..).#####..#___# {
.....#..#..#...# { {{
{{{
##...#..#..###'#+###+##
{{{
###..##'#..#....@eE...#
{{{
.##..###...'.⌠...EE☼..#
##.†####...#...######'#
##..###....#.⌠.#__#...#
#...##.....#...#__#...#
....#......#+###__#...#
{ ..##.#.....#
{{#__#...+ .. ####....#
#__'...# ▓▓ ▓▓▓▓▓▓
▓▓▓▓▓▓▓▓


You could see a deep elf pyromancer and 3 fire elementals.

Vanquished Creatures
  A shadow (D)
  A spatial vortex (D)
  A water elemental (D)
  A jelly (D)
  Jessica (D)
  A human (D)
  A phantom (D)
  3 rats (D)
10 creatures vanquished.

Vanquished Creatures (others)
  4 plants (D)
4 creatures vanquished.

Grand Total: 14 creatures vanquished

Notes
Turn   | Place    | Note
-------+----------+-------------------------------------------
     0 | D        | rocky1 the Formicid Fighter began the quest for the Orb.
     0 | D        | Reached XP level 1. HP: 18/18 MP: 1/1
    14 | D        | Reached skill level 4 in Shields
    30 | D        | Noticed Jessica
    37 | D        | Killed Jessica
    38 | D        | Reached skill level 6 in Shields
    38 | D        | Reached XP level 2. HP: 7/24 MP: 2/2
    38 | D        | Reached XP level 3. HP: 8/29 MP: 3/3
   299 | D        | HP: 1/29 [human (6)]
   308 | D        | Reached skill level 1 in Dodging
   371 | D        | Reached XP level 4. HP: 33/37 MP: 4/4
   425 | D        | Noticed a water elemental
   430 | D        | Killed a water elemental
   431 | D        | Reached skill level 5 in Long Blades
   431 | D        | Reached skill level 7 in Shields
   431 | D        | Reached XP level 5. HP: 24/43 MP: 5/5
   447 | D        | Noticed a shadow
   449 | D        | Reached skill level 5 in Fighting
   449 | D        | Reached skill level 5 in Armour
   453 | D        | HP: 2/44 [shadow (6)]
   458 | D        | Killed a shadow
   459 | D        | Reached skill level 8 in Shields
   459 | D        | Reached XP level 6. HP: 4/53 MP: 6/6
   753 | D        | Found a blossoming altar of Fedhas.
   753 | D        | Found a stormy altar of Qazlal.
   753 | D        | Found a snail-covered altar of Cheibriados.
   753 | D        | Found a burning altar of Makhleb.
   753 | D        | Found a shimmering altar of Xom.
   753 | D        | Noticed a spatial vortex
   754 | D        | Found a hazy altar of Hepliaklqana.
   754 | D        | Found an opulent altar of Gozag.
   754 | D        | Found a sparkling altar of Nemelex Xobeh.
   754 | D        | Found a corrupted altar of Lugonu.
   754 | D        | Found a viscous altar of Jiyva.
   757 | D        | Became a worshipper of Cheibriados the Contemplative
   780 | D        | Killed a spatial vortex
   781 | D        | Reached skill level 5 in Dodging
   781 | D        | Reached skill level 9 in Shields
   781 | D        | Reached XP level 7. HP: 18/60 MP: 7/7
  1002 | D        | Found a glowing silver altar of Zin.
  1002 | D        | Found a glowing golden altar of the Shining One.
  1002 | D        | Found a white marble altar of Elyvilon.
  1004 | D        | Noticed a deep elf pyromancer
  1018 | D        | Noticed a fire elemental
  1019 | D        | Noticed a fire elemental
  1019 | D        | Noticed a fire elemental
  1019 | D        | Slain by a deep elf pyromancer

Illustrated notes

Levels and vault maps discovered:
D:        dungeon_sprint_mu [sprint_mu_entry_cave, sprint_mu_temple_rooms,
          sprint_mu_d1_spiders, sprint_mu_d2_genie, sprint_mu_d3_branching,
          sprint_mu_orc_legion, sprint_mu_elf_gauntlet, sprint_mu_hive_nellie,
          sprint_mu_lair_fedhas, sprint_mu_vaults_butterflies,
          sprint_mu_slime_circle, sprint_mu_swamp_cave, sprint_mu_snake_twists,
          sprint_mu_blade_basic, sprint_mu_crypt_fortress,
          sprint_mu_tomb_spiral, sprint_mu_vestibule_basic,
          sprint_mu_gehenna_hellfire, sprint_mu_dis_giant,
          sprint_mu_tartarus_statrot, sprint_mu_cocytus_islands, sprint_mu_zot1]

Skill      XL: |  1  2  3  4  5  6 |
---------------+-------------------+-----
Shields        | 6 7 8 9 |  9.3
Long Blades    | 4 5 6 7 |  7.4
Dodging        | 1 2 4 5 |  5.1
Fighting       | 4 6 7 |  7.1
Armour         | 4 6 7 |  7.1

Action                   |  1- 3 |  4- 6 |  7- 9 || total
-------------------------+-------+-------+-------++-------
Melee: Long sword        |    31 |    33 |    12 ||    76
Invok: Bend Time         |       |       |     1 ||     1
  Use: Potion            |     1 |     1 |       ||     2
Armor: Scale mail        |     8 |     5 |       ||    13
Dodge: Dodged            |     7 |     5 |     2 ||    14
Block: Kite shield       |    12 |    10 |     4 ||    26
       Rpst.: Long sword |     2 |     2 |     1 ||     5

Table legend: (Time is in decaauts)
 A = Elapsed time spent in this place.
 B = Non-inter-level travel time spent in this place.
 C = Inter-level travel time spent in this place.
 D = Time resting spent in this place.
 E = Time spent auto-exploring this place.
 F = Levels seen in this place.
 G = Mean time per level.
                   A        B        C        D        E       F      G
               +--------+--------+--------+--------+--------+-----+--------+
         Total |   1045 |   1045 |      0 |    797 |      0 |   1 | 1045.0 |
       Dungeon |   1045 |   1045 |      0 |    797 |      0 |   1 | 1045.0 |
               +--------+--------+--------+--------+--------+-----+--------+

Top non-repeatable levels by time:
       D: 1045 daAuts
